 Dungeon Crawl Stone Soup version 0.29-a0-551-gffc1d7fb78 (webtiles) character file.

Game seed: 7188927883336409445

2 shadowstone the Grave Robber (level 1, -1/10 HPs)
             Began as a Tengu Necromancer on June 5, 2022.
             Slain by a hobgoblin (5 damage)
             ... on level 1 of the Dungeon.
             The game lasted 00:00:47 (139 turns).

shadowstone the Grave Robber (Tengu Necromancer)     Turns: 139, Time: 00:00:48

Health: -1/10      AC:  2    Str:  8    XL:     1   Next: 40%
Magic:  3/4        EV: 12    Int: 15    God:
Gold:   15         SH:  0    Dex: 14    Spells: 3/4 levels left

rFire   . . .      SeeInvis .   (no weapon)
rCold   . . .      Faith    .   (no shield)
rNeg    . . .      Spirit   .   a - +0 robe
rPois   .          Reflect  .   (helmet restricted)
rElec   .          Harm     .   (no cloak)
rCorr   .          Rampage  .   (no gloves)
Will    .....                   (boots unavailable)
Stlth   ++........              (no amulet)
HPRegen 0.03/turn               (no ring)
MPRegen 0.09/turn               (no ring)

@: no status effects
A: beak, talons 3
a: no special abilities


You were on level 1 of the Dungeon.
You visited 1 branch of the dungeon, and saw 1 of its levels.

You collected 15 gold pieces.

Inventory:

Armour
 a - a +0 robe (worn)
Potions
 b - a potion of magic


   Skills:
 + Level 2.1 Dodging
 + Level 2.0 Stealth
 + Level 2.0 Spellcasting
 + Level 4.5 Necromancy


You had 3 spell levels left.
You knew the following spells:

 Your Spells              Type           Power      Damage    Failure   Level
a - Necrotize             Necr           60%        1d7       3%          1

Your spell library contained the following spells:

 Spells                   Type           Power      Damage    Failure   Level
 Vampiric Draining        Necr           15%        2d7       11%         3
 Animate Dead             Necr           15%        N/A       34%         4
 Agony                    Necr           15%        N/A       67%         5


Dungeon Overview and Level Annotations

Branches:
Dungeon (1/15)

Altars:


Innate Abilities, Weirdness & Mutations

You have a beak for a mouth.
You have claws for feet.


Message History

There are no items here.
A ball python comes into view.
The ball python hisses angrily.
You hit the ball python. You claw the ball python.
You kill the ball python!
An endoplasm comes into view.
Found a short sword.
The endoplasm quivers.
The endoplasm jiggles.
You see here a +0 short sword.
You hit the endoplasm. You claw the endoplasm.
The endoplasm is heavily wounded.
The endoplasm freezes you.
You are frozen.
You hit the endoplasm but do no damage.
The endoplasm is heavily wounded.
The endoplasm hits you.
You hit the endoplasm but do no damage. You claw the endoplasm.
You kill the endoplasm!
A rat comes into view.
A hobgoblin comes into view.
The hobgoblin shouts!
The rat bites you. The rat bites you. The rat closely misses you.
The rat barely resists.
The rat completely misses you. The rat bites you.
You are too injured to fight recklessly!
You are too injured to fight recklessly!
You are too injured to fight recklessly!
You are too injured to fight recklessly!
You are too injured to fight recklessly!
You hit the rat. Your kick misses the rat. Your peck misses the rat.
The rat is heavily wounded.
The rat bites you.
You closely miss the rat. Your kick misses the rat. You peck the rat.
You kill the rat!
The hobgoblin hits you.
Ouch! That really hurt!
You die...

#.# # # ... .# #.
#.####.## .#
#####.#...... .
............ #.
..#........
#.#.###.#........
#.......#@.# .#.
.#...g..## ..
..............##.#..
..###.#.............
#.######.#..##### #
#.#......########
#.#...##.##⌠...⌠#
#.#...##.##.....#
#.#......##.>.<.#


You could see a hobgoblin.

Vanquished Creatures
  An endoplasm (D:1)
  A ball python (D:1)
  A rat (D:1)
3 creatures vanquished.

Notes
Turn   | Place    | Note
-------+----------+-------------------------------------------
     0 | D:1      | shadowstone the Tengu Necromancer began the quest for the
                  | Orb.
     0 | D:1      | Reached XP level 1. HP: 10/10 MP: 4/4
   139 | D:1      | Slain by a hobgoblin

Illustrated notes

Levels and vault maps discovered:
D:1:      amcnicky_arrival_gap_in_the_tavern_cellar, layout_basic,
          chequers_ecumenical_altar_grove, minmay_misc_feat_tiny

Action                   || total
-------------------------++-------
Melee: Unarmed           ||     6
       Kick              ||     3
       Peck              ||     1
 Cast: Necrotize         ||     1
Dodge: Dodged            ||     2

Table legend: (Time is in decaauts)
 A = Elapsed time spent in this place.
 B = Non-inter-level travel time spent in this place.
 C = Inter-level travel time spent in this place.
 D = Time resting spent in this place.
 E = Time spent auto-exploring this place.
 F = Levels seen in this place.
 G = Mean time per level.
                   A        B        C        D        E       F      G
               +--------+--------+--------+--------+--------+-----+--------+
         Total |    139 |    118 |     21 |      0 |      0 |   1 |  139.0 |
       Dungeon |    139 |    118 |     21 |      0 |      0 |   1 |  139.0 |
               +--------+--------+--------+--------+--------+-----+--------+

Top non-repeatable levels by time:
     D:1: 139 daAuts
